 Dungeon Crawl Stone Soup version 0.30-a0-879-ga8ba668304 (webtiles) character file.

Game seed: 1007136401776269158

2992 FallingFreak the Grasshopper (level 9, -2/73 HPs)
             Began as a Naga Warper on Mar 12, 2023.
             Was a Follower of Elyvilon.
             Hit by a boomerang thrown by an orc warrior (6 damage)
             ... on level 8 of the Dungeon.
             The game lasted 01:10:18 (8751 turns).

FallingFreak the Grasshopper (Naga Warper)          Turns: 8751, Time: 01:10:19

Health: -2/73      AC:  7    Str: 14    XL:     9   Next: 83%
Magic:  16/16      EV: 13    Int: 18    God:    Elyvilon [*.....]
Gold:   313        SH:  0    Dex: 10    Spells: 8/17 levels left

rFire   x . .      SeeInvis +    a - +0 dire flail
rCold   + . .      Faith    .    (shield currently unavailable)
rNeg    . . .      Spirit   .    p - +0 ring mail
rPois   +          Reflect  .    (no helmet)
rElec   .          Rampage  .    (no cloak)
rCorr   .                        L - +0 pair of gloves
Will    +....                    (no barding)
Stlth   ++                       w - amulet of the acrobat {@P7}
HPRegen 0.32/turn                v - +5 ring of evasion
MPRegen 0.15/turn                h - ring of ice

@: very slow
A: AC +3, large, see invisible, deformed body, poison resistance, slowness 2,
spit poison 1, naga tail 1
a: Spit Poison, Renounce Religion, Purification


You were on level 8 of the Dungeon.
You worshipped Elyvilon.
Elyvilon was aware of your devotion.
You visited 2 branches of the dungeon, and saw 9 of its levels.

You collected 313 gold pieces.

Inventory:

Hand Weapons
 a - a +0 dire flail (weapon)
 b - a +2 dagger of venom
 e - a +0 battleaxe
 q - a +0 mace
 N - a +0 morningstar
Missiles
 C - a boomerang (quivered)
 H - 7 poisoned darts
 J - 7 boomerangs of dispersal {!f}
Armour
 m - a +0 chain mail
 p - a +0 ring mail (worn)
 r - a +0 leather armour
 E - a +0 scale mail
 L - a +0 pair of gloves (worn)
Jewellery
 h - a ring of ice (right hand)
 v - a +5 ring of evasion (left hand)
 w - an amulet of the acrobat (around neck) {@P7}
 K - a ring of protection from fire
Wands
 i - a wand of digging (1)
 n - a wand of iceblast (1)
 o - a wand of flame (9)
Scrolls
 c - a scroll of enchant weapon
 g - 5 scrolls of teleportation
 j - 4 scrolls of noise {@r4}
 y - a scroll of fog
 B - a scroll of butterflies
 F - a scroll of fear
 G - 2 scrolls of poison
 O - a scroll of immolation {unknown}
 R - 3 scrolls of vulnerability
Potions
 d - 3 potions of haste
 k - 2 potions of heal wounds {unknown}
 l - 4 potions of flight {@q1}
 s - 2 potions of lignification {unknown}
 t - a potion of attraction {unknown}
 u - 3 potions of brilliance {unknown}
 z - 2 potions of curing {unknown}
 A - 3 potions of cancellation
 D - 2 potions of might {unknown}
 M - a potion of resistance {unknown}


   Skills:
 - Level 2.0 Fighting
 + Level 6.7 Maces & Flails
 - Level 0.8 Throwing
 + Level 5.4 Armour
 - Level 1.5 Dodging
 - Level 4.2 Stealth
 - Level 4.8 Spellcasting
 + Level 3.9 Conjurations
 + Level 7.2 Translocations


You had 8 spell levels left.
You knew the following spells:

 Your Spells              Type           Power      Damage    Failure   Level
c - Blink                 Tloc           60%        N/A       1%          2
A - Teleport Other        Tloc           30%        N/A       4%          3
B - Momentum Strike       Conj/Tloc      48%        3d9       4%          2
Z - Lesser Beckoning      Tloc           60%        N/A       1%          2

Your spell library contained the following spells:

 Spells                   Type           Power      Damage    Failure   Level
 Manifold Assault         Tloc           30%        N/A       13%         4
 Vhi's Electric Charge    Tloc/Air       34%        N/A       19%         3
 Beastly Appendage        Tmut           8%         N/A       26%         1
 Sting                    Tmut/Pois      16%        1d3       26%         1
 Dazzling Flash           Conj/Hex       22%        N/A       34%         3
 Wereblood                Tmut           4%         N/A       36%         2
 Spider Form              Tmut/Pois      4%         N/A       61%         3
 Summon Forest            Summ/Tloc      8%         N/A       86%         5
 Agony                    Necr           4%         N/A       100%        5
 Alistair's Intoxication  Tmut/Pois      2%         N/A       100%        5
 Silence                  Hex/Air        2%         N/A       100%        5
 Dragon's Call            Summ           2%         N/A       100%        9


Dungeon Overview and Level Annotations

Branches:
Dungeon (8/15) Zot: 26430  Temple (1/1) D:6 Zot: 5767    Lair (0/5) D:8

Altars:
Ashenzari
Elyvilon
Fedhas
Gozag
Hepliaklqana
Kikubaaqudgha
Makhleb
Nemelex Xobeh
Okawaru
Qazlal
Ru
Sif Muna
Trog
Uskayaw
Vehumet
Wu Jian
Yredelemnul
Zin

Annotations:
D:4 exclusions: lemure and sleepcap
D:6 exclusions: ogre and sleepcap


Innate Abilities, Weirdness & Mutations

Your serpentine skin is tough. (AC +3)
You have supernaturally acute eyesight. (SInv)
Armour fits poorly on your strangely shaped body.
Your system is resistant to poisons. (rPois)
You cover ground very slowly.
You can spit poison.
You have a snake-like lower body.


Message History

Press: ? - help, Dir - move target, f - vampire mosquito
Aim: a vampire mosquito (moderately damaged, 57% to hit)
The concentrated momentum hits the vampire mosquito!
The vampire mosquito is severely damaged.
You are unable to move.
The vampire mosquito bites you.
* * * LOW HITPOINT WARNING * * *
The vampire mosquito draws strength from your injuries!
Blink to where?
Press: ? - help, Dir - move target, p - vampire mosquito
As you read the scroll of blinking, it crumbles to dust.
Okay, then.
Okay, then.
Okay, then.
Your surroundings suddenly seem different.
Found an escape hatch in the ceiling.
Found a stone staircase leading down.
A centaur comes into view.
Okay, then.
Blink to where?
Press: ? - help, Dir - move target An orc comes into view.
It is wielding a +0 club.
As you read the scroll of blinking, it crumbles to dust.
The orc shouts!
You hear a shout! x2
As you read the scroll of fear, it crumbles to dust.
You assume a fearsome visage.
The orc looks frightened! x3
Okay, then.
As you read the scroll of fear, it crumbles to dust.
You assume a fearsome visage.
The orc warrior looks frightened!
The orc looks frightened!
You are no longer robbed of momentum.
Okay, then.
Cornered, the orc turns to fight!
The orc barely misses you.
Cornered, the orc warrior turns to fight!
The orc attacks as you move away! The orc completely misses you.
The orc seems to regain its courage.
The orc misses you.
There is a stone staircase leading up here.
The orc hits you with a +0 hand axe.
* * * LOW HITPOINT WARNING * * *
The orc warrior throws a boomerang.
The boomerang hits you.
You die...

#.######.#.....o.#
#........#.....@.#
###########.####.#
#.# #.# #.# #.#
... ..# ### ###


You could see an orc warrior and 3 orcs.

Vanquished Creatures
  A rime drake (D:8)
  Grinder (D:4)
  2 vampire mosquitoes (D:8)
  A water moccasin (D:6)
  3 sky beasts
  5 ice beasts
  A black bear (D:6)
  An orc warrior (D:7)
  3 wolves (D:8)
  A phantom (D:5)
  A bullfrog (D:8)
  2 scorpions
  3 killer bees (D:8)
  An orc priest (D:4)
  A hound (D:4)
  6 jellies
  3 iguanas
  Ijyb (D:5)
  7 gnolls
  10 adders
  A white imp (D:5)
  An ufetubus (D:7)
  2 worms (D:2)
  4 dart slugs
  11 orcs
  2 endoplasms (D:1)
  3 giant cockroaches
  8 hobgoblins
  11 jackals
  8 kobolds
  7 quokkas
  9 ball pythons
  8 bats
  7 frilled lizards
  10 goblins
  8 rats
154 creatures vanquished.

Vanquished Creatures (others)
  26 plants (D:1)
26 creatures vanquished.

Grand Total: 180 creatures vanquished

Notes
Turn   | Place    | Note
-------+----------+-------------------------------------------
     0 | D:1      | FallingFreak the Naga Warper began the quest for the Orb.
     0 | D:1      | Reached XP level 1. HP: 19/19 MP: 3/3
     5 | D:1      | Noticed an electric eel
     6 | D:1      | Noticed an electric eel
   182 | D:1      | Reached skill level 1 in Armour
   182 | D:1      | Reached XP level 2. HP: 26/26 MP: 5/5
   218 | D:1      | Reached skill level 1 in Stealth
   641 | D:1      | Increase (s)trength, (i)ntelligence, or (d)exterity?
   641 | D:1      | Reached XP level 3. HP: 32/32 MP: 6/6
  1204 | D:1      | Learned a level 2 spell: Blink
  1498 | D:2      | Reached XP level 4. HP: 39/39 MP: 7/7
  1690 | D:2      | Found a faded altar of an unknown god.
  2279 | D:2      | Learned a level 2 spell: Lesser Beckoning
  2283 | D:2      | Learned a level 3 spell: Teleport Other
  2390 | D:3      | Reached XP level 5. HP: 24/45 MP: 7/9
  3302 | D:4      | Noticed a lemure
  3591 | D:5      | Entered Level 5 of the Dungeon
  3663 | D:4      | Noticed Grinder
  3668 | D:4      | Paralysed by Grinder for 5 turns
  3682 | D:4      | Killed Grinder
  3683 | D:4      | Reached skill level 4 in Translocations
  3683 | D:4      | Reached XP level 6. HP: 23/52 MP: 10/10
  3930 | D:4      | Found an opulent altar of Gozag.
  3935 | D:4      | Found a hide-covered altar of Uskayaw.
  3935 | D:4      | Found an ancient bone altar of Kikubaaqudgha.
  3946 | D:4      | Found a radiant altar of Vehumet.
  3949 | D:4      | Found a blossoming altar of Fedhas.
  4342 | D:4      | Reached XP level 7. HP: 49/60 MP: 12/12
  4517 | D:5      | Noticed Ijyb
  4527 | D:5      | Killed Ijyb
  5761 | D:6      | Reached skill level 5 in Translocations
  5813 | D:6      | Reached XP level 8. HP: 55/67 MP: 14/14
  5961 | D:6      | Found a staircase to the Ecumenical Temple.
  6040 | Temple   | Entered the Ecumenical Temple
  6227 | Temple   | Became a worshipper of Elyvilon the Healer
  6371 | D:6      | Got the Folio of Vitiation and Mustering
  6520 | D:6      | Reached skill level 5 in Maces & Flails
  7155 | D:7      | Learned a level 2 spell: Momentum Strike
  7216 | D:7      | You miscast Momentum Strike.
  7316 | D:7      | Reached * piety under Elyvilon
  7375 | D:7      | Reached skill level 1 in Conjurations
  7375 | D:7      | Reached skill level 6 in Translocations
  8189 | D:7      | Increase (s)trength, (i)ntelligence, or (d)exterity?
  8189 | D:7      | Reached XP level 9. HP: 73/73 MP: 13/16
  8267 | D:8      | You miscast Lesser Beckoning.
  8387 | D:8      | Noticed a rime drake
  8401 | D:8      | Killed a rime drake
  8410 | D:8      | Reached skill level 5 in Armour
  8531 | D:8      | Reached skill level 7 in Translocations
  8630 | D:8      | Found a staircase to the Lair.
  8732 | D:8      | HP: 3/73 [vampire mosquito (8)]
  8735 | D:8      | HP: 1/73 [vampire mosquito (3)]
  8751 | D:8      | Hit by a boomerang thrown by an orc warrior

Illustrated notes

Levels and vault maps discovered:
D:1:      arrival_aquarium_b, layout_loops_ring, serial_bayou,
          serial_bayou_pond_b, serial_bayou_shore_a, serial_bayou_lake_a,
          serial_bayou_lagoon_a, minmay_heptomino_o4
D:2:      wander_river, layout_basic, shapermc_ecumenical_altar_totnotflames,
          kennysheep_generic_room_7
D:3:      layout_basic, grunt_ministairs_2, minmay_goblin_outpost
D:4:      layout_basic, minmay_overflow_temple_star_hex, uniq_grinder,
          uniq_pikel
D:5:      layout_loops_cross, minmay_crystal_room, item_on_display_a, uniq_ijyb
D:6:      layout_basic, minmay_temple_entry_stoned_glass
D:7:      layout_basic
D:8:      layout_loops_ring, hellmonk_lair_entry_icy, enter_ossuary_3, hex_tiny
Temple:   dshaligram_water_room_temple

Skill      XL: |  1  2  3  4  5  6  7  8  9 |
---------------+----------------------------+-----
Armour         | 1 2 3 4 5 |  5.4
Stealth        | 1 2 4 |  4.2
Maces & Flails | 3 4 5 6 |  6.7
Spellcasting   | 3 4 |  4.8
Translocations | 4 5 6 7 |  7.2
Conjurations   | 1 3 |  3.9
Fighting       | |  2.0
Throwing       | |  0.8
Dodging        | |  1.5

Action                     |  1- 3 |  4- 6 |  7- 9 || total
---------------------------+-------+-------+-------++-------
  Melee: Mace              |    56 |       |       ||    56
         Morningstar       |    16 |   149 |   155 ||   320
         Punch             |       |       |     6 ||     6
         Dire flail        |       |       |    49 ||    49
         Dagger            |       |       |     6 ||     6
  Throw: Stone             |     7 |       |       ||     7
         Boomerang         |    44 |       |     1 ||    45
         Javelin           |       |     2 |    17 ||    19
         Dart              |       |     2 |    38 ||    40
   Cast: Momentum Strike   |       |       |    11 ||    11
         Lesser Beckoning  |       |       |     2 ||     2
Ability: Spit Poison       |     8 |    50 |    53 ||   111
  Evoke: Wand              |       |     4 |     6 ||    10
    Use: Scroll            |       |       |    16 ||    16
   Stab: Distracted        |       |     1 |       ||     1
 Armour: Leather armour    |    17 |       |       ||    17
         Ring mail         |     3 |    63 |    72 ||   138
         Scale mail        |       |     4 |    12 ||    16
  Dodge: Dodged            |    39 |   120 |   202 ||   361

Table legend: (Time is in decaauts)
 A = Elapsed time spent in this place.
 B = Non-inter-level travel time spent in this place.
 C = Inter-level travel time spent in this place.
 D = Time resting spent in this place.
 E = Time spent auto-exploring this place.
 F = Levels seen in this place.
 G = Mean time per level.
                   A        B        C        D        E       F      G
               +--------+--------+--------+--------+--------+-----+--------+
         Total |  11093 |  10490 |    603 |   1788 |   6431 |   9 | 1232.6 |
       Dungeon |  10861 |  10269 |    592 |   1788 |   6242 |   8 | 1357.6 |
        Temple |    232 |    221 |     11 |      0 |    189 |   1 |  232.0 |
               +--------+--------+--------+--------+--------+-----+--------+

Top non-repeatable levels by time:
     D:6: 1705 daAuts
     D:1: 1592 daAuts
     D:5: 1544 daAuts
     D:2: 1478 daAuts
     D:7: 1468 daAuts
     D:4: 1372 daAuts
     D:3: 1198 daAuts
     D:8: 500 daAuts
  Temple: 232 daAuts
